AoeStats
← simirfan

Arena

511089412Analyzed
3v3 RM · 14d ago on Oct 3, 2026· 51m 7s· 6 players
Game mode
Random Map
Map size
Normal (6 player)
Population
200
Speed
Normal
Resources
Standard
Victory
Conquest
Starting age
Dark Age
Ending age
Imperial Age
RankedLock teamsTeams togetherTeam positionsShared explorationLock speedFull tech treeHidden civsTurbo modeCheats
Victory
Defeat
🇨🇴 Lithuanians · Colombia
1295
+12
🇨🇴 Khmer · Colombia
1149
+18
🇨🇴 Muisca · Colombia
1134
+19
vs
🇹🇷 Bulgarians · Türkiye
1223
-17
🇹🇷 Cumans · Türkiye
1200
-16
🇹🇷 Goths · Türkiye
1193
-16
Geber-EL
9:38 Feudal Age
10:22 Double-Bit Axe
10:20 Horse Collar
17:49 Castle Age
16:27 Bloodlines
21:14 Wheelbarrow
32:27 Bow Saw
32:45 Light Cavalry
40:54 Fortified Wall
41:06 Ballistics
43:36 Imperial Age
41:25 Hand Cart
41:13 Heavy Plow
41:06 Gold Mining
41:06 Stone Mining
41:35 Masonry
41:21 Murder Holes
42:49 Guard Tower
43:49 Heavy Scorpion
45:43 Chemistry
44:49 Siege Engineers
45:31 Double Crossbow
45:51 Conscription
45:39 Hussar
46:20 Husbandry
46:14 Capped Ram
47:34 Fletching
47:44 Padded Archer Armor
47:55 Forging
47:50 Scale Barding Armor
50:45 Iron Casting
50:05 Bodkin Arrow
50:26 Leather Archer Armor
51:07 Architecture
51:16 Keep
ffjuanes
10:44 Feudal Age
10:49 Feudal Age
14:57 Castle Age
13:16 Loom
16:01 Double-Bit Axe
17:34 Fervor
18:44 Sanctity
25:29 Redemption
26:08 Wheelbarrow
28:11 Gold Mining
28:01 Horse Collar
28:13 Stone Mining
28:34 Bow Saw
30:14 Fletching
31:45 Bodkin Arrow
31:50 Padded Archer Armor
34:22 Imperial Age
32:07 Hand Cart
32:38 Crossbowman
33:23 Thumb Ring
33:20 Elite Skirmisher
35:12 Bracer
34:59 Arbalester
36:27 Block Printing
37:17 Illumination
37:28 Theocracy
38:04 Conscription
40:51 Leather Archer Armor
41:51 Hand Cart
41:22 Town Watch
43:22 Ballistics
44:03 Chemistry
44:13 Herbalism
45:12 Forging
46:43 Bow Saw
46:34 Heavy Plow
47:09 Siege Engineers
50:08 Scale Mail Armor
50:44 Iron Casting
50:48 Squires
50:08 Champi Runner
51:05 Chain Mail Armor
Hen His Can
11:06 Feudal Age
15:04 Castle Age
13:53 Scale Barding Armor
13:36 Double-Bit Axe
13:32 Horse Collar
13:43 Gold Mining
16:13 Chain Barding Armor
19:39 Bloodlines
22:09 Bow Saw
23:25 Forging
24:05 Wheelbarrow
25:07 Iron Casting
28:05 Heavy Plow
29:00 Husbandry
29:18 Hand Cart
33:58 Fletching
37:34 Imperial Age
37:21 Coinage
37:07 Bodkin Arrow
37:35 Ballistics
37:26 Fortified Wall
37:26 Masonry
37:30 Stone Mining
37:59 Cavalier
39:15 Plate Barding Armor
39:41 Two-Man Saw
39:12 Crop Rotation
39:19 Stone Shaft Mining
39:47 Chemistry
38:49 Bracer
40:05 Banking
39:46 Guilds
39:22 Paladin
40:54 Architecture
42:20 Conscription
42:41 Hoardings
M.S.
4:49 Loom
11:39 Feudal Age
12:39 Double-Bit Axe
12:45 Gold Mining
19:25 Wheelbarrow
22:03 Horse Collar
27:57 Castle Age
26:19 Stone Mining
27:21 Forging
27:32 Scale Mail Armor
29:05 Hand Cart
28:52 Heavy Plow
29:04 Bow Saw
32:51 Chain Mail Armor
37:08 Imperial Age
34:44 Fletching
34:54 Padded Archer Armor
35:44 Bodkin Arrow
36:04 Leather Archer Armor
35:44 Bodkin Arrow
36:25 Iron Casting
35:57 Scale Barding Armor
35:51 Town Watch
36:45 Pikeman
37:25 Squires
37:11 Arson
37:29 Steppe Husbandry
37:56 Devotion
37:46 Halberdier
38:44 Bloodlines
38:36 Light Cavalry
38:47 Elite Skirmisher
40:30 Crop Rotation
42:24 Elite Kipchak
43:11 Cuman Mercenaries
44:18 Two-Man Saw
45:41 Heresy
45:04 Cavalier
46:56 Thumb Ring
46:13 Crossbowman
47:35 Ballistics
47:06 Heated Shot
48:17 Chemistry
49:31 Parthian Tactics
50:11 Faith
51:29 Blast Furnace
simirfan
0:26 Loom
11:02 Feudal Age
11:36 Man-at-Arms
13:07 Scale Mail Armor
13:15 Horse Collar
13:59 Double-Bit Axe
14:42 Gold Mining
16:09 Forging
24:14 Castle Age
22:11 Town Watch
24:20 Long Swordsman
25:01 Squires
24:22 Pikeman
26:28 Chain Mail Armor
27:03 Caravan
31:14 Wheelbarrow
38:16 Imperial Age
36:02 Hand Cart
38:19 Capped Ram
38:23 Two-Handed Swordsman
39:52 Anarchy
39:58 Halberdier
41:13 Heavy Plow
43:01 Chemistry
42:12 Masonry
44:50 Stone Mining
44:23 Champion
45:18 Bow Saw
45:48 Iron Casting
45:14 Padded Archer Armor
45:05 Fletching
45:38 Sappers
46:12 Murder Holes
47:20 Onager
50:34 Leather Archer Armor
50:26 Scale Barding Armor
Geosim
11:52 Feudal Age
12:51 Double-Bit Axe
13:43 Scale Mail Armor
14:20 Forging
14:36 Horse Collar
15:17 Arson
15:49 Gold Mining
19:24 Wheelbarrow
19:46 Loom
22:51 Castle Age
23:50 Chain Mail Armor
24:11 Iron Casting
23:28 Gambesons
23:43 Squires
24:26 Devotion
24:08 Pikeman
25:10 Bow Saw
25:00 Heavy Plow
31:16 Hand Cart
30:46 Town Watch
38:23 Gold Shaft Mining
41:57 Imperial Age
40:23 Stirrups
40:40 Husbandry
40:47 Scale Barding Armor
41:42 Chain Barding Armor
42:31 Bloodlines
41:42 Light Cavalry
43:49 Plate Barding Armor
44:15 Blast Furnace
44:21 Heresy
43:35 Hussar
Connection lost

Rejoining the realm…

Still unreachable

The connection could not be restored.

Session expired

The server has moved on; the page needs a fresh start.